Map: Pillars of Gold LE

Players

INnoVation - Winner!

  • Race: Terran Terran
  • League: Grandmaster
  • Spawn Location: 1:00

soO

  • Race: Zerg Zerg
  • League: Master
  • Spawn Location: 7:00

Event: War Chest Team League

VOD

Have the link to the VOD?

Description

Time

  • Played on: July 24, 2020, 1:19 p.m.
  • Length: 20:59
Show
View Real Time Build Order
Export as new Build Order

INnoVation Terran - Winner!

Build Orders: Reaper Expand, Mech 

Get SALT Encoding   

  12  0:00  SCV  
  13  0:12  SCV  
  14  0:17  Supply Depot  
  14  0:24  SCV  
  15  0:39  SCV, Barracks  
  16  0:46  Refinery  
  16  0:51  SCV  
  17  1:03  SCV  
  18  1:15  SCV  
  19  1:27  Orbital Command  
  19  1:28  Reaper  
  20  1:42  Command Center  
  20  1:52  Supply Depot  
  20  1:54  SCV  
  21  2:00  Marine  
  22  2:06  SCV  
  23  2:09  Factory  
  23  2:15  Refinery  
  23  2:18  SCV  
  24  2:23  Barracks Reactor  
  24  2:30  SCV  
  25  2:42  SCV  
  26  2:54  SCV  
  26  2:55  Orbital Command  
  26  2:56  Starport  
  27  3:02  Hellion  
  27  3:04  Hellion  
  31  3:07  SCV  
  31  3:08  Marine  
  33  3:19  SCV, Supply Depot  
  34  3:20  SCV  
  34  3:25  Hellion  
  34  3:26  Hellion  
  39  3:32  Fusion Core  
  39  3:35  SCV x2  
  41  3:47  SCV x2  
  43  3:57  Command Center  
  43  3:59  SCV x2  
  45  4:03  Starport Tech Lab  
  45  4:04  Supply Depot  
  45  4:11  SCV x2  
  47  4:22  Battlecruiser  
  53  4:26  SCV x2  
  53  4:29  Supply Depot  
  55  4:34  Refinery x2  
  55  4:38  SCV x2  
  56  4:43  Hellion x2  
  60  4:48  Supply Depot  
  60  4:50  SCV x2  
  62  5:01  Barracks Tech Lab  
  62  5:03  SCV x2  
  62  5:05  Factory x2  
  64  5:09  Orbital Command  
  64  5:15  SCV x2  
  66  5:23  Armory  
  66  5:24  Armory  
  66  5:27  SCV x2  
  70  5:36  Hellion x2, Orbital Command  
  70  5:39  SCV x2  
  74  5:51  SCV x2  
  74  5:52  Supply Depot  
  78  5:57  Hellion x2  
  78  6:03  SCV  
  78  6:04  SCV  
  82  6:05  Cyclone x2, Mag-Field Accelerator, Infernal Pre-Igniter  
  82  6:09  SCV  
  89  6:15  SCV  
  89  6:16  SCV, Terran Vehicle Weapons Level 1, Supply Depot  
  89  6:17  Terran Vehicle And Ship Armor Level 1  
  91  6:21  SCV  
  91  6:24  Hellion x2  
  96  6:26  Refinery  
  96  6:28  SCV x2  
  96  6:31  Refinery  
  96  6:32  Supply Depot  
  98  6:33  Supply Depot  
  98  6:35  Engineering Bay  
  98  6:39  Cyclone x2  
  104  6:42  SCV x3  
  107  6:58  SCV x3  
  107  7:00  Starport Reactor, Factory, Barracks Tech Lab  
  107  7:01  Factory  
  108  7:05  Missile Turret  
  108  7:07  Supply Depot  
  108  7:10  SCV x3  
  108  7:12  Siege Tank  
  108  7:14  Siege Tank  
  113  7:25  Hellion x2  
  113  7:26  SCV x2  
  113  7:27  SCV  
  118  7:30  Missile Turret  
  118  7:34  Supply Depot  
  118  7:47  Siege Tank x2  
  118  7:49  Missile Turret  
  124  8:00  Command Center  
  124  8:03  Supply Depot  
  124  8:06  Siege Tank  
  124  8:12  Supply Depot, Terran Vehicle Weapons Level 2  
  127  8:13  Supply Depot, Sensor Tower  
  127  8:14  Supply Depot, Terran Vehicle And Ship Armor Level 2  
  127  8:24  Siege Tank x2  
  133  8:31  Hellion x3  
  133  8:32  Hellion  
  141  8:34  Supply Depot  
  141  8:46  Cyclone  
  138  8:56  Cyclone x2  
  138  8:57  Factory  
  138  8:59  Factory  
  138  9:01  Factory  
  144  9:06  Supply Depot  
  144  9:09  Drilling Claws, Widow Mine x3  
  152  9:10  Widow Mine  
  152  9:14  SCV  
  152  9:15  SCV x2  
  155  9:21  Cyclone  
  155  9:23  Refinery  
  158  9:25  Missile Turret, Sensor Tower  
  158  9:27  Missile Turret  
  158  9:29  Refinery  
  158  9:30  Cyclone  
  161  9:32  SCV x3  
  161  9:35  Planetary Fortress  
  164  9:42  Widow Mine x3  
  170  9:48  SCV x3  
  170  9:51  Factory Tech Lab  
  170  9:52  Factory Reactor, Factory Tech Lab  
  173  9:59  Cyclone x2  
  179  10:05  Hellion, Cyclone  
  179  10:06  Hellion x2  
  172  10:21  Command Center  
  172  10:25  Cyclone  
  178  10:31  Cyclone  
  178  10:32  Cyclone  
  182  10:36  Hellion x5  
  182  10:39  Terran Vehicle Weapons Level 3  
  189  10:48  Terran Vehicle And Ship Armor Level 3  
  184  10:51  SCV x4  
  178  11:01  Cyclone  
  178  11:02  Cyclone x2  
  178  11:03  SCV x3  
  188  11:13  Cyclone  
  188  11:14  Cyclone  
  188  11:18  Hellion x2  
  182  11:21  SCV, Hellion  
  182  11:22  SCV  
  186  11:26  Hellion  
  186  11:28  Starport Reactor  
  188  11:33  Cyclone  
  188  11:34  Cyclone, Siege Tank  
  197  11:53  Siege Tank  
  196  12:08  Command Center  
  196  12:11  Refinery  
  196  12:12  Command Center  
  196  12:13  Refinery  
  196  12:15  Siege Tank  
  197  12:16  Siege Tank  
  197  12:17  Planetary Fortress  
  197  12:20  Smart Servos  
  198  12:24  Hellion  
  198  12:29  Thor x2  
  197  12:50  Thor x3  
  194  12:52  Hellion x4  
  182  13:04  Hellion  
  181  13:12  Cyclone, Thor  
  176  13:20  Command Center  
  176  13:21  SCV x4  
  176  13:24  Orbital Command x2  
  171  13:30  Hellion x5  
  171  13:33  Cyclone x3  
  187  13:44  Orbital Command, Siege Tank  
  184  13:55  Siege Tank  
  187  13:57  Hellion x6  
  199  14:07  Command Center  
  199  14:08  Terran Ship Weapons Level 1  
  199  14:23  Siege Tank  
  199  14:24  Hellion x2, Siege Tank x2  
  185  14:25  Hellion x3  
  185  14:31  Liberator x2  
  190  14:38  Cyclone x2  
  193  14:39  Hellion  
  195  14:46  Hellion x2  
  195  14:52  Command Center  
  199  14:53  Command Center  
  191  15:13  Cyclone  
  191  15:14  Cyclone x4  
  182  15:15  Hellion x4  
  182  15:16  Hellion x2  
  169  15:34  Liberator x2  
  151  15:36  Hellion x4  
  151  15:37  Hellion x2  
  160  15:46  Cyclone x5  
  175  15:57  Planetary Fortress  
  175  16:03  Planetary Fortress  
  171  16:07  Orbital Command x2  
  171  16:09  SCV x2  
  171  16:10  SCV  
  174  16:13  Hellion x5  
  174  16:14  Hellion  
  174  16:18  Cyclone x5, Liberator  
  189  16:30  Neosteel Armor  
  182  16:34  Hellion  
  182  16:37  SCV x4  
  182  16:38  SCV x3  
  189  16:41  Hellion  
  189  16:43  Hellion  
  189  16:45  Hellion  
  189  16:46  Hellion  
  197  16:47  Hellion  
  196  16:57  Siege Tank  
  196  16:58  Siege Tank  
  199  17:09  Refinery  
  199  17:10  Refinery x3  
  199  17:14  Cyclone  
  200  17:18  Hellion x2  
  196  17:22  Siege Tank  
  196  17:23  Siege Tank  
  196  17:27  Liberator  
  199  17:34  Cyclone x2  
  168  17:46  Cyclone  
  151  17:51  Hellion x4  
  151  17:55  Cyclone x2  
  150  17:59  SCV x3  
  150  18:01  SCV x3  
  150  18:02  Viking, Terran Ship Weapons Level 2  
  152  18:06  Thor x2  
  152  18:10  Viking, Hi-Sec Auto Tracking  
  152  18:11  Hellion x2, Orbital Command  
  172  18:12  Hellion  
  172  18:18  Thor  
  178  18:21  Hellion x2  
  178  18:26  Thor  
  178  18:27  Thor  
  188  18:30  Hellion  
  188  18:32  Viking, Hellion  
  196  18:39  Viking  
  169  18:49  Thor x2  
  169  18:53  SCV x4  
  169  18:54  SCV  
  180  19:01  Thor  
  178  19:04  Hellion x5  
  178  19:09  Siege Tank  
  193  19:10  Liberator x2, Siege Tank  
  193  19:15  Sensor Tower  
  198  19:20  Hellion x5  
  198  19:23  SCV x2  
  200  19:26  Refinery  
  190  19:32  Siege Tank x2  
  190  19:36  Hellion x4  
  193  19:42  Cyclone, Siege Tank  
  193  19:44  Cyclone  
  200  19:56  Refinery x2  
  200  19:58  Hellion x3  
  200  20:04  Cyclone x2  
  200  20:20  Orbital Command  
  200  20:21  Orbital Command  
  200  20:34  Hellion  
  191  20:45  SCV  
  191  20:47  Command Center  
  191  20:48  Command Center  
Show
View Real Time Build Order
Export as new Build Order

soO Zerg 

Build Orders: Hatch First 

Get SALT Encoding   

  12  0:00  Drone  
  13  0:12  Overlord  
  13  0:17  Drone  
  14  0:31  Drone x2  
  16  0:49  Hatchery  
  15  0:52  Drone  
  15  0:56  Drone  
  17  0:59  Drone  
  18  1:09  Extractor  
  17  1:15  Spawning Pool  
  16  1:18  Drone  
  16  1:22  Drone  
  18  1:29  Drone  
  19  1:39  Drone  
  20  1:51  Overlord  
  20  2:01  Queen  
  20  2:02  Zergling x4, Queen  
  26  2:11  Drone  
  26  2:12  Drone  
  28  2:22  Drone x2  
  30  2:25  Metabolic Boost  
  30  2:38  Hatchery  
  30  2:41  Drone  
  30  2:43  Drone  
  31  2:49  Queen  
  33  2:54  Overlord  
  33  2:56  Drone  
  34  3:00  Drone  
  34  3:02  Drone  
  36  3:14  Drone x2  
  36  3:15  Drone  
  36  3:17  Drone  
  36  3:18  Drone  
  41  3:26  Queen  
  43  3:28  Overlord, Drone  
  44  3:48  Queen  
  46  3:49  Zergling x4  
  46  3:50  Drone x2  
  46  3:51  Queen, Drone  
  46  3:52  Drone  
  46  3:53  Overlord  
  54  3:57  Drone  
  54  4:00  Zergling x2  
  54  4:01  Overlord, Drone  
  54  4:02  Drone  
  58  4:11  Queen  
  58  4:13  Drone  
  58  4:17  Evolution Chamber  
  60  4:18  Evolution Chamber  
  60  4:23  Drone x3  
  62  4:26  Drone x2  
  62  4:30  Drone x2, Extractor  
  65  4:34  Zergling x4  
  65  4:35  Drone  
  65  4:37  Drone x2  
  70  4:40  Drone x3  
  70  4:45  Spore Crawler  
  72  4:46  Zerg Melee Weapons Level 1  
  72  4:48  Spore Crawler  
  72  4:50  Zerg Ground Armor Level 1  
  71  4:55  Drone x2  
  71  4:59  Drone  
  74  5:03  Overlord  
  74  5:04  Overlord  
  74  5:05  Overlord  
  74  5:09  Lair, Overlord  
  74  5:12  Overlord  
  74  5:15  Overlord  
  74  5:17  Overlord  
  74  5:24  Spore Crawler  
  74  5:25  Drone x7  
  81  5:28  Drone  
  81  5:35  Zergling x6  
  83  5:37  Queen, Drone  
  83  5:41  Roach Warren  
  83  5:42  Drone x2  
  85  5:43  Extractor  
  85  5:45  Extractor  
  85  5:46  Drone x4  
  85  5:47  Drone  
  85  5:48  Drone  
  86  6:04  Zergling x6  
  86  6:05  Drone x3  
  86  6:07  Drone x2  
  86  6:08  Drone  
  86  6:09  Drone x2  
  86  6:10  Queen, Extractor  
  98  6:12  Drone  
  98  6:13  Drone, Extractor  
  98  6:14  Drone, Spire  
  99  6:20  Drone  
  99  6:24  Roach x2, Glial Reconstitution  
  104  6:27  Overlord  
  104  6:32  Hatchery  
  104  6:36  Roach  
  104  6:39  Overlord  
  105  6:40  Overlord  
  105  6:41  Overlord  
  105  6:43  Overlord  
  105  6:50  Overlord  
  105  6:54  Roach x4  
  113  6:57  Overlord  
  113  7:06  Overlord  
  112  7:10  Overlord  
  112  7:12  Zerg Missile Weapons Level 1, Zerg Melee Weapons Level 2  
  112  7:14  Drone x5  
  112  7:15  Drone x3  
  116  7:25  Drone  
  116  7:32  Corruptor x7  
  130  7:38  Drone  
  130  7:41  Baneling Nest  
  130  7:46  Roach x6  
  130  7:50  Extractor  
  141  7:54  Roach x4  
  141  7:55  Extractor  
  141  7:56  Ravager  
  149  7:58  Overlord  
  149  8:02  Roach x5  
  149  8:05  Overlord  
  159  8:12  Drone  
  160  8:13  Infestation Pit  
  160  8:14  Overlord  
  159  8:21  Ravager x3  
  159  8:22  Drone x2  
  164  8:28  Centrifical Hooks  
  164  8:33  Drone  
  163  8:37  Zergling x4  
  163  8:38  Zergling x6  
  163  8:40  Drone  
  168  8:42  Hatchery  
  168  8:45  Drone x2  
  168  8:51  Hive  
  168  8:54  Infestor x2  
  172  8:57  Zergling x14  
  179  9:10  Zerg Missile Weapons Level 2, Extractor  
  179  9:11  Extractor  
  179  9:13  Infestor  
  179  9:15  Infestor  
  179  9:16  Burrow  
  181  9:17  Drone  
  181  9:18  Drone  
  181  9:24  Hatchery  
  182  9:35  Zergling x2  
  182  9:36  Zergling x18  
  182  9:38  Ravager x2  
  194  9:43  Overseer  
  193  9:58  Drone  
  194  10:01  Spine Crawler  
  182  10:20  Greater Spire  
  177  10:23  Ravager x2  
  177  10:24  Zergling x16  
  177  10:27  Drone  
  188  10:30  Zerg Melee Weapons Level 3  
  178  10:50  Drone x4  
  178  10:53  Drone x4  
  174  10:57  Spine Crawler x2  
  174  11:02  Drone  
  173  11:06  Zergling x4  
  173  11:07  Zergling x10  
  179  11:18  Zergling x14  
  182  11:31  Baneling x9  
  182  11:33  Brood Lord x7  
  182  11:35  Ravager  
  182  11:37  Hatchery  
  195  11:52  Zergling x10  
  200  12:00  Infestor x3  
  188  12:21  Zergling x4  
  188  12:22  Zergling x20  
  190  12:38  Infestor x3  
  157  12:53  Zergling x6, Roach x7  
  157  12:54  Zergling x16  
  160  12:59  Zerg Flyer Weapons Level 1  
  160  13:05  Drone x2  
  158  13:09  Zergling x32  
  171  13:18  Neural Parasite  
  171  13:20  Infestor x4  
  171  13:26  Hatchery  
  178  13:32  Drone x2  
  179  13:37  Ravager x2, Baneling x10  
  179  13:38  Ravager  
  179  13:39  Infestor x7  
  179  13:40  Overlord  
  180  13:54  Adrenal Glands  
  178  13:57  Baneling x11  
  178  14:04  Drone  
  178  14:08  Drone x3  
  178  14:09  Drone  
  183  14:18  Hatchery  
  183  14:24  Zergling x24  
  180  14:37  Pathogen Glands  
  179  14:48  Baneling x5  
  179  14:49  Baneling x6  
  179  14:50  Ravager x2  
  179  14:52  Zerg Ground Armor Level 2  
  181  14:53  Zerg Missile Weapons Level 3  
  180  15:00  Zergling x40  
  150  15:20  Roach x13  
  155  15:30  Roach  
  155  15:31  Roach x8  
  156  15:39  Viper x2  
  156  15:41  Infestor x3, Ultralisk Cavern  
  171  15:43  Hatchery, Drone x2  
  171  15:46  Baneling x3  
  171  15:47  Baneling x3  
  171  15:49  Ravager x5  
  178  15:50  Ravager, Infestor  
  178  15:52  Zerg Flyer Weapons Level 2  
  178  15:56  Zergling x8  
  178  15:57  Drone x2  
  186  16:02  Spore Crawler  
  180  16:07  Ravager x2  
  180  16:08  Corruptor x7  
  179  16:37  Zergling x30  
  193  16:54  Infestor x3  
  193  16:57  Infestor x4, Drone x3  
  186  17:26  Brood Lord x3  
  134  17:56  Zergling x14, Roach x5  
  151  18:01  Infestor x4  
  151  18:04  Ravager x6  
  157  18:15  Zergling x6, Roach x7  
  164  18:22  Baneling x14  
  164  18:25  Drone x3  
  164  18:26  Drone x4  
  163  18:37  Hatchery  
  158  18:47  Infestor x2  
  158  18:48  Infestor x2  
  147  18:53  Zergling x16, Roach x7  
  166  18:56  Ravager x3  
  166  18:57  Ravager x2  
  167  19:09  Hatchery  
  158  19:19  Zergling x12  
  154  19:43  Zergling x20  
  144  20:12  Baneling  
  144  20:13  Baneling x11  
  144  20:20  Zergling x20  
  153  20:35  Zergling x20  
Tags
 
Add a new tag
Caveats
  • Supply blocks, unpowered buildings, or Contaminate may cause inaccurate times.
  • Supply counts are checked every 10 seconds.